 Dungeon Crawl Stone Soup version 0.28.0-53-g5a82cb258f (webtiles) character file.

Game seed: 767571529654550858

32 jjjjhere the Chopper (level 3, 0/31 HPs)
             Began as a Minotaur Warper on Oct 16, 2022.
             Was a Follower of Fedhas.
             Slain by a gnoll
             ... wielding a +0 spear
              (1 damage)
             ... on level 2 of the Dungeon.
             The game lasted 00:00:55 (742 turns).

jjjjhere the Chopper (Minotaur Warper)               Turns: 742, Time: 00:00:56

Health: 0/31       AC:  3    Str: 17    XL:     3   Next: 8%
Magic:  4/4        EV: 11    Int: 10    God:    Fedhas [*.....]
Gold:   24         SH:  0    Dex:  9    Spells: 4/4 levels left

rFire   . . .      SeeInvis .   a - +0 hand axe
rCold   . . .      Faith    .   (no shield)
rNeg    . . .      Spirit   .   b - +0 leather armour
rPois   .          Reflect  .   (helmet restricted)
rElec   .          Harm     .   (no cloak)
rCorr   .          Rampage  .   (no gloves)
Will    .....                   (no boots)
Stlth   +.........              (no amulet)
HPRegen 0.10/turn               (no ring)
MPRegen 0.09/turn               (no ring)

@: no status effects
A: horns 2, retaliatory headbutt
a: Renounce Religion


You were on level 2 of the Dungeon.
You worshipped Fedhas.
Fedhas was aware of your devotion.
You visited 1 branch of the dungeon, and saw 2 of its levels.

You collected 24 gold pieces.

Inventory:

Hand Weapons
 a - a +0 hand axe (weapon)
 e - a +0 whip
 f - a +0 mace
Missiles
 d - 5 boomerangs of dispersal (quivered)
Armour
 b - a +0 leather armour (worn)
Scrolls
 c - a scroll of blinking
 g - a scroll of teleportation {unknown}
 h - a scroll of magic mapping {unknown}
 i - a scroll of holy word {unknown}
 j - a scroll of noise {unknown}


   Skills:
 + Level 3.1 Fighting
 * Level 3.9 Axes
 - Level 1.0 Throwing
 - Level 1.2 Armour
 - Level 2.1 Dodging
 - Level 1.3 Spellcasting
 - Level 2.1 Translocations


You had 4 spell levels left.
You didn't know any spells.
Your spell library contained the following spells:

 Spells                   Type           Power      Damage    Failure   Level
 Blink                    Tloc           10%        N/A       24%         2
 Gell's Gravitas          Tloc           5%         N/A       43%         3
 Lesser Beckoning         Tloc           5%         N/A       43%         3
 Teleport Other           Tloc           5%         N/A       43%         3
 Manifold Assault         Tloc           5%         N/A       99%         5


Dungeon Overview and Level Annotations

Branches:
Dungeon (2/15)

Altars:
Fedhas


Innate Abilities, Weirdness & Mutations

You have a pair of horns on your head.
You reflexively headbutt those who attack you in melee.


Message History

You closely miss the ball python. The ball python bites you.
The ball python constricts you.
You hit the ball python.
You kill the ball python!
Fedhas appreciates your contribution to the ecosystem.
No target in view!
HP restored.
Key pressed, stopping explore. 2 gnolls come into view.
The gnoll shouts!
You hear a shout!
A goblin comes into view. It is wielding a +0 club.
A gnoll comes into view. It is wielding a +2 spear of flaming.
The gnoll shouts!
The gnoll hits you from afar with a +0 spear.
There is an open door here.
The gnoll misses you. You furiously retaliate!
You headbutt the gnoll! The gnoll barely misses you.
You hit the gnoll. You headbutt the gnoll.
You kill the gnoll!
Fedhas appreciates your contribution to the ecosystem.
The gnoll hits you from afar with a +0 spear.
You have reached level 3!
Your experience leads to an increase in your attributes!
Increase (S)trength, (I)ntelligence, or (D)exterity?
You feel stronger. x2
The gnoll hits you with a +0 spear. The gnoll barely misses you.
You see here a +0 flail.
You completely miss the gnoll. The gnoll hits you but does no damage.
The gnoll hits you from afar with a +2 spear of flaming!
The gnoll burns you.
You hit the gnoll but do no damage. Your headbutt misses the gnoll.
The gnoll hits you with a +0 spear.
* * * LOW HITPOINT WARNING * * *
The gnoll hits you from afar with a +2 spear of flaming.
* * * LOW HITPOINT WARNING * * *
The gnoll burns you.
* * * LOW HITPOINT WARNING * * *
The gnoll hits you from afar with a +0 spear.
You die...
Fedhas appreciates your contribution to the ecosystem.

. #.............#
....#.............#
..................#
....!.............#
.....#####........#
.... #...gg...# ...
#####g#### .. #)# .
#@# #########.#
..........#
..........#
.......<..#
..........#
..........#
..........#
..........#


You could see 2 gnolls and a goblin.

Vanquished Creatures
  A gnoll (D:2)
  An endoplasm (D:1)
  A goblin (D:1)
  4 hobgoblins (D:1)
  2 quokkas (D:1)
  5 ball pythons
  3 bats (D:1)
  2 kobolds (D:1)
  3 rats (D:1)
22 creatures vanquished.

Notes
Turn   | Place    | Note
-------+----------+-------------------------------------------
     0 | D:1      | jjjjhere the Minotaur Warper began the quest for the Orb.
     0 | D:1      | Reached XP level 1. HP: 18/18 MP: 1/1
    13 | D:1      | Found a faded altar of an unknown god.
    31 | D:1      | Prayed at the altar of an unknown god.
    31 | D:1      | Became a worshipper of Fedhas Madash
    31 | D:1      | Reached * piety under Fedhas
   122 | D:1      | Reached XP level 2. HP: 23/25 MP: 3/3
   739 | D:2      | Reached XP level 3. HP: 29/31 MP: 4/4
   741 | D:2      | HP: 7/31 [gnoll/+0 spear (6)]
   741 | D:2      | HP: 3/31 [gnoll/+2 spear of flaming (4)]
   741 | D:2      | HP: 1/31 [gnoll/+2 spear of flaming (2)]
   742 | D:2      | Slain by a gnoll

Illustrated notes

Levels and vault maps discovered:
D:1:      nicolae_arrival_memento_mori, layout_rooms,
          dreamdust_ecumenical_altar_grove
D:2:      layout_basic, minmay_misc_feat_columns, hangedman_feature_mirror

Skill      XL: |  1  2 |
---------------+-------+-----
Axes           | 3 |  3.9
Fighting       | 3 |  3.1
Throwing       | |  1.0
Armour         | |  1.2
Dodging        | |  2.1
Spellcasting   | |  1.3
Translocations | |  2.1

Action                   || total
-------------------------++-------
Melee: Hand axe          ||    42
       Headbutt          ||     7
Armor: Leather armour    ||    14
Dodge: Dodged            ||    22
